 Dungeon Crawl Stone Soup version 0.19-a0-1201-gda63bca (webtiles) character file.

268 mopl the Basher (level 6, -2/63 HPs)
             Began as an Ogre Wanderer on Aug 20, 2016.
             Slain by an orc priest
             ... wielding a cursed -3 club
              (4 damage)
             ... on level 3 of the Dungeon.
             The game lasted 00:07:02 (2879 turns).

mopl the Basher (Ogre Wanderer)                     Turns: 2879, Time: 00:07:03

Health: -2/63      AC:  1    Str: 16 (19) XL:     6   Next: 21%
Magic:  5/5        EV:  9    Int:  9 (11) God:
Gold:   145        SH:  0    Dex:  8 (10) Spells: 0 memorised, 5 levels left

rFire  . . .     SeeInvis .     a - +0 flail
rCold  . . .     Gourm    .     p - +2 robe
rNeg   . . .     Faith    .     (no shield)
rPois  .         Spirit   .     (helmet restricted)
rElec  .         Dismiss  .     (no cloak)
rCorr  .         Reflect  .     (gloves unavailable)
MR     .....     Harm     .     (boots unavailable)
Stlth  +......... Rnd*Rage +    (no amulet)
                                (no ring)
                                (no ring)

@: corroded, very slightly contaminated, hasted, very quick
A: unfitting armour, antennae 1, berserk 1, low mp 1, tough skin 1
a: no special abilities


You were on level 3 of the Dungeon.
You were not hungry.

You visited 1 branch of the dungeon, and saw 3 of its levels.

You collected 145 gold pieces.

Inventory:

Hand Weapons
 a - a +0 flail (weapon)
 b - a +2 dagger of venom
Missiles
 e - 192 stones (quivered)
 v - 16 poisoned needles
Armour
 p - a +2 robe (worn)
Wands
 o - a wand of flame (0/48)
Scrolls
 c - a scroll of teleportation
 r - 3 scrolls of magic mapping
Potions
 k - a potion of berserk rage {unknown}
 l - a potion of degeneration
 n - a potion of haste
 t - a potion of brilliance {unknown}
 u - a potion of heal wounds {unknown}
Comestibles
 d - 2 bread rations
 h - 2 meat rations
 j - 2 beef jerkies
 m - 2 chunks of flesh
 s - 2 fruits


   Skills:
 + Level 4.3 Fighting
 * Level 8.8 Maces & Flails
 + Level 3.2 Throwing
 - Level 1.0 Dodging
   Level 1.0 Shields


You had 5 spell levels left.
You didn't know any spells.

Dungeon Overview and Level Annotations

Branches:
Dungeon (3/15)

Altars:
Jiyva


Innate Abilities, Weirdness & Mutations

You are too large for most types of armour.
You have tough skin. (AC +1)
You have a pair of small antennae on your head.
You tend to lose your temper in combat.
Your magical capacity is low. (-10% MP)


Message History

The orc hits you with a flail.
* * * LOW HITPOINT WARNING * * *
It was a potion of degeneration.
There was something very wrong with that liquid.
You feel weakened.
You feel dopey.
You feel clumsy. The orc hits you with a flail.
* * * LOW HITPOINT WARNING * * *
It was a potion of haste.
You feel yourself speed up. The orc completely misses you.
You are very lightly contaminated with residual magic.
You hit the orc.
The orc is heavily wounded.
You hit the orc but do no damage.
The orc is heavily wounded.
The orc priest casts a cantrip, but nothing happens.
The orc closely misses you.
You thump the orc!
You kill the orc!
The orc priest hits you with a club.
You die...

... ... .. .. #+# .# #.###
.# #############.#<# [#
#...[.......#.#.# .#
#...........#.#.# .#
#...........#@#.#
.###...........#o#.######...
...............'o...o...>...
.###..........?#.#.#.###...
.####'##########.#)#.# ..#
#.# #.#.#.# #.###.########
#.#.#......# ..............
..#.#.##.b.# .#.##.########
###.#<. g...


You could see an orc priest and an orc.

Vanquished Creatures
  Sigmund (D:3)
  3 jellies (D:3)
  An adder (D:3)
  3 gnolls
  4 oozes
  A worm (D:2)
  A dart slug (D:3)
  A giant gecko (D:3)
  3 orcs (D:3)
  2 ball pythons
  8 bats
  3 giant cockroaches
  8 goblins
  5 hobgoblins
  5 jackals (D:1)
  2 giant newts
  4 kobolds
  7 rats
62 creatures vanquished.

Notes
Turn   | Place    | Note
-------+----------+-------------------------------------------
     0 | D:1      | mopl the Ogre Wanderer began the quest for the Orb.
     0 | D:1      | mopl set off with: a +2 robe, a +0 mace, a scroll of teleportation, a bread ration
     0 | D:1      | Reached XP level 1. HP: 22/22 MP: 1/1
   351 | D:1      | Reached skill level 7 in Maces & Flails
   351 | D:1      | Reached XP level 2. HP: 29/29 MP: 2/2
   422 | D:1      | Reached skill level 3 in Fighting
   513 | D:1      | Reached XP level 3. HP: 30/37 MP: 3/3
  1686 | D:1      | Reached XP level 4. HP: 43/45 MP: 4/4
  1739 | D:1      | Reached skill level 2 in Throwing
  2160 | D:3      | Found a faded altar of an unknown god.
  2184 | D:3      | Became a worshipper of Jiyva Jolyjoci the Shapeless
  2184 | D:3      | Reached * piety under Jiyva
  2206 | D:3      | Fell from the grace of Jiyva
  2248 | D:3      | HP: 2/46 [acid[the player character] (10)]
  2577 | D:2      | Reached skill level 8 in Maces & Flails
  2691 | D:3      | Reached XP level 5. HP: 53/53 MP: 5/5
  2725 | D:3      | Noticed Sigmund
  2743 | D:3      | Killed Sigmund
  2743 | D:3      | Reached skill level 4 in Fighting
  2743 | D:3      | Reached skill level 3 in Throwing
  2743 | D:3      | Reached XP level 6. HP: 62/62 MP: 6/6
  2872 | D:3      | Gained mutation: You have a pair of small antennae on your head. [potion of mutation]
  2872 | D:3      | Gained mutation: You expend magic power (3 MP) to strengthen your wands. [potion of mutation]
  2872 | D:3      | Gained mutation: You tend to lose your temper in combat. [potion of mutation]
  2873 | D:3      | Lost mutation: You expend magic power (3 MP) to strengthen your wands. [potion of mutation]
  2873 | D:3      | Gained mutation: Your magical capacity is low. (-10% MP) [potion of mutation]
  2874 | D:3      | HP: 1/62 [orc/flail (3)]
  2879 | D:3      | Slain by an orc priest

Vault maps used:
D:1:      minmay_arrival_shattered_statue
D:2:      first_bread
D:3:      makhleb_grotto_becter, led_sif_book, ecumenical_altar_2,
          cheibriados_altar_1, uniq_sigmund

Skill      XL: |  1  2  3  4  5 |
---------------+----------------+-----
Maces & Flails | 7 8 |  8.8
Fighting       | 3 4 |  4.3
Throwing       | 2 3 |  3.2
Dodging        | |  1.0
Shields        | |  1.0

Action                   |  1- 3 |  4- 6 || total
-------------------------+-------+-------++-------
Melee: Mace              |    61 |       ||    61
       Dagger            |    39 |    68 ||   107
       Flail             |       |    53 ||    53
Throw: Stone             |     1 |     1 ||     2
Invok: Renounce Religion |       |     1 ||     1
Evoke: Wand              |       |     6 ||     6
  Use: Scroll            |     5 |     3 ||     8
       Potion            |       |     6 ||     6
  Eat: Chunk             |     2 |     4 ||     6
Armor: Robe              |    42 |    34 ||    76
       Skin              |       |    20 ||    20
Dodge: Dodged            |    66 |    28 ||    94
